 Dungeon Crawl Stone Soup version 0.30.1 (webtiles) character file.

Game seed: 4045245068235002123

289 cdecastro the Cudgeller (level 6, -2/62 HPs)
             Began as a Troll Fighter on July 10, 2023.
             Killed by divine providence
             ... invoked by an orc priest
              (11 damage)
             ... on level 4 of the Dungeon.
             The game lasted 00:04:23 (2388 turns).

cdecastro the Cudgeller (Troll Fighter)             Turns: 2388, Time: 00:04:23

Health: -2/62      AC:  4    Str: 25    XL:     6   Next: 9%
Magic:  5/5        EV:  9    Int:  4    God:
Gold:   91         SH:  8    Dex: 11    Spells: 5/5 levels left

rFire   . . .        (no weapon)
rCold   . . .        c - +0 kite shield
rNeg    . . .        b - +0 robe
rPois   .            (helmet restricted)
rElec   .            (no cloak)
rCorr   .            (gloves unavailable)
SInv    .            (boots unavailable)
Will    .....        (no amulet)
Stlth   +            (no ring)
HPRegen 1.10/turn    (no ring)
MPRegen 0.09/turn

%: no passive effects
@: no status effects
A: large, unfitting armour, claws 3, regeneration 1, shaggy fur 1, tough skin 1
a: no special abilities


You were on level 4 of the Dungeon.
You visited 1 branch of the dungeon, and saw 4 of its levels.

You collected 124 gold pieces.
You spent 33 gold pieces at shops.

Inventory:

Hand Weapons
 a - a +0 flail
Missiles
 h - 2 boomerangs (quivered)
Armour
 b - a +0 robe (worn)
 c - a +0 kite shield (worn)
Jewellery
 e - a ring of poison resistance
 i - an amulet of reflection
 p - a +6 ring of intelligence
 t - a ring of ice
Scrolls
 j - 3 scrolls of identify {unknown}
 k - a scroll of fog {unknown}
 l - a scroll of torment {unknown}
 m - 2 scrolls of enchant weapon {unknown}
 o - a scroll of teleportation {unknown}
 q - a scroll of magic mapping {unknown}
 r - a scroll of fear {unknown}
 s - a scroll of immolation {unknown}
Potions
 d - a potion of might
 f - 3 potions of curing
 g - a potion of berserk rage {unknown}
 n - 2 potions of cancellation {unknown}


   Skills:
 + Level 3.7 Fighting
 * Level 4.9 Maces & Flails
 - Level 2.4 Dodging
 - Level 2.6 Shields


You had 5 spell levels left.
You didn't know any spells.
Your spell library contained the following spells:

 Spells                   Type           Power      Damage    Failure   Level
 Summon Guardian Golem    Hex/Summ       0%         N/A       98%         3
 Vhi's Electric Charge    Tloc/Air       0%         N/A       98%         3
 Arcjolt                  Conj/Air       0%         1d10      100%        5
 Orb of Destruction       Conj           0%         9d5       100%        7
 Spellforged Servitor     Conj/Summ      0%         N/A       100%        7
 Maxwell's Capacitive Co  Air            0%         ∞         100%        8


Dungeon Overview and Level Annotations

Branches:
Dungeon (4/15)
 Temple: D:4-7

Altars:

Shops:
D:2 !   D:4 *

Annotations:
D:3 2 transporters, turdburglar's ghost, amateur DrEE


Innate Abilities, Weirdness & Mutations

You are too large for most types of armour.
You have claws for hands.
Your natural rate of healing is unusually fast.
You are covered in fur. (AC +1)
You have tough skin. (AC +1)


Message History

An orc priest comes into view. It is wielding a +0 club.
Found a stone staircase leading up. 2 orcs come into view.
Found a stone staircase leading down.
The orc priest shouts!
The orc shouts! x2
The orc priest looks satisfied for a moment.
You see here 16 gold pieces.
You claw the orc!
You kill the orc!
You block the orc's attack. The orc hits you with a +0 flail.
The orc priest hits you with a +0 club.
You see here a +0 hand axe.
You barely miss the orc priest. You block the orc's attack.
The orc priest hits you but does no damage.
You scratch the orc priest but do no damage.
The orc barely misses you. You block the orc priest's attack.
You closely miss the orc priest. The orc hits you with a +0 flail.
You block the orc priest's attack.
The orc priest begins to cast a cantrip, but forgets the words!
The orc hits you with a +0 flail.
You claw the orc priest!
The orc priest is almost dead.
The orc barely misses you.
The orc priest calls down the wrath of Beogh upon you.
Beogh smites you!
* * * LOW HITPOINT WARNING * * *
You scratch the orc priest but do no damage.
The orc priest is almost dead.
The orc hits you with a +0 flail!
* * * LOW HITPOINT WARNING * * *
The orc priest invokes the aid of Beogh against you.
Beogh smites you!
* * * LOW HITPOINT WARNING * * *
You scratch the orc priest but do no damage.
The orc priest is almost dead.
The orc hits you with a +0 flail.
* * * LOW HITPOINT WARNING * * *
The orc priest mumbles some strange prayers to Beogh against you.
Beogh smites you!
You die...

###.###.....#.....#.
#...........#.>.∩.#.
#.#########†#.....#.
#####)####
#.#######.
#.....)..#
##.......#
#.###.##.# ##'######
#)..$# ##...##
#.#####.o# ##.....##
#.....>@.#
##....<..##
######.o.#
#.........# #......
+.........+
##...####.........#
##..# ##.......##
##.# ##.....## .#
##...## .# ##+##


You could see an orc priest and an orc.

Vanquished Creatures
  A scorpion (D:4)
  An orc priest (D:3)
  An orc wizard (D:3)
  3 gnolls (D:4)
  7 adders
  A dart slug (D:3)
  7 orcs
  10 bats
  4 endoplasms
  A giant cockroach (D:1)
  9 goblins
  7 hobgoblins
  7 kobolds
  4 quokkas
  7 ball pythons
  3 rats (D:1)
73 creatures vanquished.

Notes
Turn   | Place    | Note
-------+----------+-------------------------------------------
     0 | D:1      | cdecastro the Troll Fighter began the quest for the Orb.
     0 | D:1      | Reached XP level 1. HP: 22/22 MP: 0/0
   123 | D:1      | Reached skill level 2 in Maces & Flails
   226 | D:1      | Reached XP level 2. HP: 29/29 MP: 1/1
  1062 | D:2      | Reached XP level 3. HP: 36/36 MP: 2/2
  1193 | D:2      | Found Viraleeq's Distillery.
  1201 | D:2      | Reached skill level 3 in Maces & Flails
  1206 | D:2      | Bought a potion of curing for 33 gold pieces
  1642 | D:2      | Reached XP level 4. HP: 42/45 MP: 3/3
  1868 | D:3      | Reached skill level 4 in Maces & Flails
  1868 | D:3      | Reached XP level 5. HP: 46/53 MP: 4/4
  2083 | D:3      | Found a transporter.
  2086 | D:3      | Found a transporter.
  2086 | D:3      | Noticed turdburglar's ghost (amateur DrEE)
  2332 | D:4      | Found Qemoce's General Store.
  2364 | D:4      | Reached XP level 6. HP: 51/62 MP: 5/5
  2388 | D:4      | Killed from afar by an orc priest

Illustrated notes

Levels and vault maps discovered:
D:1:      dpeg_arrival_three_same_balls, layout_basic
D:2:      layout_loops_cross, serial_shops, shop, minmay_nonomino_d4
D:3:      layout_rooms, gammafunk_ghost_arena
D:4:      layout_loops_corners, bloody_makhleb,
          nicolae_ossuary_entry_false_entrances, nicolae_take_the_stairs

Skill      XL: |  1  2  3  4 |
---------------+-------------+-----
Maces & Flails | 2 3 4 |  4.9
Fighting       | 3 |  3.7
Dodging        | |  2.4
Shields        | |  2.6

Action                     |  1- 3 |  4- 6 || total
---------------------------+-------+-------++-------
  Melee: Unarmed           |   136 |    96 ||   232
   Stab: Sleeping          |       |     1 ||     1
 Armour: Robe              |    41 |    27 ||    68
  Dodge: Dodged            |    45 |    51 ||    96
  Block: Kite shield       |    46 |    52 ||    98
